AoeStats
← ME_DEPRIME_JUGAR_CON_USTEDES

African Clearing

505970868Analyzed
4v4 RM · 20d ago on Sep 11, 2026· 27m 3s· 8 players
Game mode
Random Map
Map size
Large (8 player)
Population
200
Speed
Normal
Resources
Standard
Victory
Conquest
Starting age
Dark Age
Ending age
Imperial Age
RankedLock teamsTeams togetherTeam positionsShared explorationLock speedFull tech treeHidden civsTurbo modeCheats
Victory
Defeat
🇨🇱 Persians · Chile
1693
+12
🇪🇸 Japanese · Spain
1638
+14
🇪🇸 Celts · Spain
1568
+17
🇪🇸 Malay · Spain
1552
+17
🇵🇱 Dravidians · Poland
1638
-17
🇨🇦 Sicilians · Canada
1590
-15
🇨🇴 Muisca · Colombia
1582
-15
1542
-13
ノルフ
5:57 Loom
12:55 Feudal Age
13:38 Double-Bit Axe
13:35 Horse Collar
16:09 Scale Barding Armor
21:21 Scale Barding Armor
Astronomical
12:04 Loom
13:49 Feudal Age
17:49 Castle Age
15:55 Double-Bit Axe
16:18 Horse Collar
16:29 Fishing Lines
18:51 Scale Mail Armor
18:52 Squires
19:04 Champi Runner
20:02 Chain Mail Armor
19:57 Champi Warrior
27:11 Forging
ForeveR
8:48 Loom
12:45 Feudal Age
12:49 Man-at-Arms
15:02 Arson
20:17 Fletching
25:48 Castle Age
ME_DEPRIME_JUGAR_CON_USTEDES
9:25 Loom
11:40 Feudal Age
12:38 Double-Bit Axe
13:07 Town Watch
DK_DM_The_Death
4:27 Loom
12:27 Feudal Age
14:41 Double-Bit Axe
18:38 Town Watch
27:09 Castle Age
24:56 Double-Bit Axe
24:55 Horse Collar
27:29 Bloodlines
27:25 Scale Barding Armor
DK_Nightclaim
8:40 Loom
10:53 Feudal Age
11:57 Double-Bit Axe
14:28 Fletching
15:17 Horse Collar
16:38 Horse Collar
22:40 Castle Age
21:04 Gold Mining
21:37 Padded Archer Armor
22:45 Crossbowman
23:29 Bodkin Arrow
25:53 Ballistics
27:25 Bow Saw
27:39 Leather Archer Armor
DK_Exmerior
5:55 Loom
12:44 Feudal Age
26:47 Wheelbarrow
26:50 Gold Mining
DK_Partyman96
3:55 Loom
12:19 Feudal Age
13:05 Double-Bit Axe
18:48 Bloodlines
22:19 Castle Age
20:29 Scale Barding Armor
21:11 Forging
21:00 Horse Collar
22:07 Light Cavalry
23:23 Iron Casting
22:54 Husbandry
23:18 Chain Barding Armor
24:27 Bow Saw
Connection lost

Rejoining the realm…

Still unreachable

The connection could not be restored.

Session expired

The server has moved on; the page needs a fresh start.